 Dungeon Crawl Stone Soup version 0.14.1-2-gf595e19 (webtiles) character file.

367 Heema the Cudgeler (level 5, 0/45 HPs)
             Began as a Minotaur Berserker on May 15, 2014.
             Was a Priest of Trog.
             Succumbed to an orc wizard's poison
             ... on Level 4 of the Dungeon.
             The game lasted 00:07:52 (2348 turns).

Heema the Cudgeler (Minotaur Berserker)             Turns: 2348, Time: 00:07:52

HP   0/45        AC  9     Str 21      XL: 5   Next: 29%
MP   2/2         EV  7     Int  4      God: Trog [***...]
Gold 192         SH  0     Dex 11      Spells:  0 memorised,  4 levels left

rFire  . . .     SeeInvis .     a - +0 mace
rCold  . . .     Clarity  .     h - +0 chain mail
rNeg   . . .     Conserve .     (no shield)
rPois  .         rCorr    .     (helmet restricted)
rElec  .         rRot     .     e - +0 cloak
SustAb . .       Spirit   .     (no gloves)
rMut   .         Warding  .     (no boots)
Saprov . . .     Stasis   .     (no amulet)
MR     ++...                    (no ring)
                                (no ring)

@: regenerating, lethally poisoned, very resistant to hostile enchantments,
extremely unstealthy
A: retaliatory headbutt, horns 2
a: Burn Spellbooks, Berserk, Trog's Hand, Renounce Religion


You were on level 4 of the Dungeon.
You worshipped Trog.
Trog was most pleased with you.
You were not hungry.

You visited 1 branch of the dungeon, and saw 4 of its levels.

You collected 192 gold pieces.

Inventory:

Hand weapons
 a - a +0,+0 mace (weapon)
Armour
 b - a +0 animal skin
 e - a +0 cloak (worn)
 h - a +0 chain mail (worn)
Magical devices
 v - a wand of random effects (13) {unknown}
Comestibles
 c - 5 bread rations
 f - an apple
 n - a chunk of rat flesh
 r - 13 sultanas
 t - a lychee
 u - 2 rotting chunks of orc flesh
 z - a chunk of bat flesh
Scrolls
 j - 3 scrolls of remove curse {unknown}
 k - 4 scrolls of noise {unknown}
 l - 2 scrolls of identify {unknown}
 m - 2 scrolls of enchant weapon II {unknown}
 q - a scroll of fear {unknown}
 s - a scroll of teleportation {unknown}
 w - a scroll of enchant armour {unknown}
Potions
 d - a potion of magic {unknown}
 g - 2 potions of brilliance {unknown}
 i - a potion of heal wounds {unknown}
 o - 3 potions of paralysis {unknown}
 p - 2 potions of curing {unknown}
 x - a potion of flight {unknown}


   Skills:
 - Level 3.6 Fighting
 + Level 7.3 Maces & Flails
 - Level 2.4 Armour
 - Level 2.1 Dodging


You had 4 spell levels left.
You didn't know any spells.

Dungeon Overview and Level Annotations

Branches:
Dungeon (4/15)
 Temple: D:4-7

Altars:


Innate Abilities, Weirdness & Mutations

You reflexively headbutt those who attack you in melee.
You have a pair of horns on your head.


Message History

You feel very sick.
The orc wizard hits you but does no damage.
You are more poisoned.
You hit the orc wizard but do no damage.
The orc wizard is almost dead.
* * * LOW HITPOINT WARNING * * *
You feel very sick.
The orc wizard hits you but does no damage.
You are more poisoned.
You hit the orc wizard but do no damage.
The orc wizard is almost dead.
* * * LOW HITPOINT WARNING * * *
You feel very sick.
The orc wizard hits you but does no damage.
You are more poisoned.
Use which ability? (? or * to list)
Your skin crawls.
You feel resistant to hostile enchantments.
You feel slightly more hungry.
You die...

#.......# ###.#####
####...## #
#.......# #.
#.......# #..
#.......##### #...
#............
#....###
#.......#####
#....)@## #.......#
+....#o.###.......#
#... ##...........#
#.. #####.......#
#. ######### #


You could see an orc wizard.

Vanquished Creatures
  A hound (D:4)
  A hound skeleton (D:4)
  5 adders
  5 orcs
  3 ball pythons
  2 giant cockroaches
  5 hobgoblins
  5 jackals (D:1)
  12 kobolds
  3 quokkas (D:3)
  11 bats
  2 giant geckos
  3 giant newts
  12 goblins
  11 rats
81 creatures vanquished.

Notes
Turn   | Place    | Note
--------------------------------------------------------------
     0 | D:1      | Heema, the Minotaur Berserker, began the quest for the Orb.
     0 | D:1      | Reached XP level 1. HP: 19/19 MP: 1/1
   123 | D:1      | Reached skill level 4 in Maces & Flails
   201 | D:1      | Reached XP level 2. HP: 23/26 MP: 1/1
   430 | D:1      | Acquired Trog's second power
   496 | D:1      | Reached skill level 5 in Maces & Flails
   634 | D:1      | Reached XP level 3. HP: 31/31 MP: 2/2
  1698 | D:3      | Reached skill level 6 in Maces & Flails
  1698 | D:3      | Reached XP level 4. HP: 35/39 MP: 2/2
  2175 | D:4      | Reached skill level 7 in Maces & Flails
  2175 | D:4      | Reached XP level 5. HP: 39/45 MP: 2/2
  2347 | D:4      | HP: 2/45 [poisoned by an orc wizard]
  2348 | D:4      | Succumbed to an orc wizard's poison

Action                   |  1- 3 |  4- 6 || total
-------------------------+-------+-------++-------
Melee: Mace              |    89 |    96 ||   185
Invok: Trog's Hand       |       |     1 ||     1
